 Dungeon Crawl Stone Soup version 0.30-b1-2-g02819fbbbe (webtiles) character file.

Game seed: 5495517266700148792

3576 MisterFreud the Transmogrifier (level 9, -2/75 HPs)
             Began as a Yellow Draconian Transmuter on Aug 23, 2023.
             Was a Follower of Yredelemnul.
             Slain by a gnoll sergeant
             ... wielding a +2 spear of venom
              (12 damage)
             ... on level 7 of the Dungeon.
             The game lasted 00:15:53 (7677 turns).

MisterFreud the Transmogrifier (DrTm)               Turns: 7677, Time: 00:15:54

Health: -2/75      AC:  2    Str: 13    XL:     9   Next: 84%
Magic:  7/12       EV: 23    Int: 16    God:    Yredelemnul [*.....]
Gold:   255        SH:  0    Dex: 18    Spells: 5/12 levels left

rFire   . .          .
                       - Unarmed
rCold   + . .        (shield currently unavailable)
rNeg    + . .        (body armour unavailable)
rPois   x            (helmet currently unavailable)
rElec   .            e - melded scarf {repulsion}
rCorr   .            (gloves currently unavailable)
SInv    .            (boots currently unavailable)
Will    .....        (no amulet)
Stlth   ++           b - ring of protection from cold
HPRegen 0.32/turn    n - ring of positive energy
MPRegen 0.13/turn

%: no passive effects
@: spider-form
A: venomous fangs, (spit acid), AC +7, tiny, unfitting armour, (cold-blooded),
(acid resistance)
a: End Transformation, Renounce Religion, Recall Undead Harvest


You were on level 7 of the Dungeon.
You worshipped Yredelemnul.
Yredelemnul was noncommittal.
You were a venomous arachnid creature.
You visited 2 branches of the dungeon, and saw 8 of its levels.

You collected 325 gold pieces.
You spent 70 gold pieces at shops.

Inventory:

Hand Weapons
 v - the +5 Force Lance {heavy, knockback}
   (You found it on level 5 of the Dungeon)
Missiles
 q - 5 boomerangs
 w - 8 curare-tipped darts
 B - 5 poisoned darts
 D - 6 javelins
Armour
 e - a scarf of repulsion (melded)
Jewellery
 b - a ring of protection from cold (left front pincers)
 n - a ring of positive energy (right front pincers)
 r - a ring of willpower
 s - an amulet of faith
 t - a ring of fire
 x - an amulet of regeneration
 E - an amulet of reflection
Wands
 y - a wand of roots (10)
 A - a wand of digging (4)
Scrolls
 d - 2 scrolls of butterflies
 h - 2 scrolls of teleportation
 o - 2 scrolls of immolation
 p - a scroll of amnesia
Potions
 a - a potion of lignification
 c - 3 potions of curing
 f - 4 potions of flight {unknown}
 g - 2 potions of might
 i - 2 potions of degeneration {unknown}
 j - a potion of attraction {unknown}
 k - 3 potions of heal wounds
 l - 2 potions of berserk rage {unknown}
 m - 4 potions of haste {unknown}
 u - 2 potions of resistance {unknown}
 z - a potion of mutation {unknown}


   Skills:
 - Level 6.0 Fighting
 - Level 6.0 Dodging
 + Level 7.7 Unarmed Combat
 - Level 2.0 Spellcasting
 - Level 8.0 Transmutations
 + Level 3.7 Ice Magic
 + Level 2.3 Invocations


You had 5 spell levels left.
You knew the following spells:

 Your Spells              Type           Power      Damage    Failure   Level
a - Spider Form           Tmut/Pois      14%        N/A       28%         3
b - Ice Form              Ice/Tmut       20%        N/A       38%         4

Your spell library contained the following spells:

 Spells                   Type           Power      Damage    Failure   Level
 Beastly Appendage        Tmut           54%        N/A       4%          1
 Wereblood                Tmut           27%        N/A       5%          2
 Magic Dart               Conj           4%         1d3       41%         1
 Ignite Poison            Fire/Tmut/Pois 10%        N/A       43%         3
 Call Imp                 Summ           2%         N/A       52%         2
 Sublimation of Blood     Necr           1%         N/A       52%         2
 Gell's Gravitas          Tloc           1%         N/A       73%         3
 Mephitic Cloud           Conj/Pois/Air  1%         N/A       73%         3
 Teleport Other           Tloc           1%         N/A       73%         3
 Tukima's Dance           Hex            1%         N/A       73%         3
 Alistair's Intoxication  Tmut/Pois      9%         N/A       88%         5
 Yara's Violent Unravell  Hex/Tmut       7%         3d5       88%         5
 Passage of Golubria      Tloc           1%         N/A       97%         4
 Borgnjor's Vile Clutch   Necr/Erth      0%         N/A       100%        5
 Dispersal                Tloc           0%         N/A       100%        6
 Eringya's Noxious Bog    Tmut/Pois      7%         N/A       100%        6
 Storm Form               Tmut/Air       7%         N/A       100%        7
 Summon Hydra             Summ           0%         N/A       100%        7
 Lehudib's Crystal Spear  Conj/Erth      0%         10d2      100%        8
 Animate Dead             Necr           Unusable   N/A       N/A         4
 Death Channel            Necr           Unusable   N/A       N/A         6

Dungeon Overview and Level Annotations

Branches:
Dungeon (7/15)             Temple (1/1) D:4

Altars:
Ashenzari
Cheibriados
Dithmenos
Hepliaklqana
Makhleb
Okawaru
Qazlal
Ru
Trog
Wu Jian
Xom
Yredelemnul
Zin
The Shining One

Shops:
D:4 !=


Innate Abilities, Weirdness & Mutations

You are a venomous arachnid creature.
You have venomous fangs.
You are tiny and dextrous.
Your spellcasting is less reliable in this form.
Your armour is entirely melded.
You are incapable of wielding weapons or throwing items.
((You can spit globs of acid.))
((Your golden yellow scales are hard. (AC +7)))
You cannot fit into any form of body armour.
((You are cold-blooded and may be slowed by cold attacks.))
((You are resistant to acid. (rCorr)))


Message History

The gnoll is severely wounded.
You feel sick. The gnoll sergeant misses you. The gnoll misses you.
The gnoll hits you from afar with a +0 halberd.
Your orc wizard zombie barely misses the gnoll.
Your spectral white imp hits the gnoll sergeant.
Unknown command.
You bite the gnoll!
You kill the gnoll!
You feel sick.
The gnoll sergeant hits you from afar with a +2 spear of venom!
You are more poisoned.
The gnoll misses you.
Your spectral white imp hits the gnoll sergeant.
You swap places.
* * * LOW HITPOINT WARNING * * *
You feel very sick. The gnoll misses you. The gnoll sergeant barely misses you.
Your spectral white imp hits the gnoll sergeant but does no damage.
You see here a +0 whip.
You bite the gnoll sergeant!
The gnoll sergeant is poisoned.
The gnoll sergeant is heavily wounded.
You feel very sick.
Your gnoll zombie hits the gnoll sergeant but does no damage.
The gnoll misses you. The gnoll sergeant barely misses you.
Your spectral white imp barely misses the gnoll sergeant.
Unknown command.
You hit the gnoll sergeant but do no damage.
The gnoll sergeant looks as sick as possible!
The gnoll sergeant is heavily wounded.
You feel very sick. The gnoll misses you.
The gnoll sergeant hits you with a +2 spear of venom!
* * * LOW HITPOINT WARNING * * *
You are more poisoned.
Your gnoll zombie hits the gnoll sergeant but does no damage.
Your spectral white imp hits the gnoll sergeant but does no damage.
You feel better. The gnoll completely misses you.
The gnoll sergeant hits you with a +2 spear of venom!
You die...
Your body rises from the dead as a mindless zombie.

#....... #...?... #.......
#....... #....... #
##...... #.. #####..##...
.#...########.....####..
.......sZ.........# #..
......gZZ.........####..
......gZ.#####......##.. .
#.########...#####..##..
..# #)...'Z#Z#.###.. ...
####'####ZZ#### #.. .!..
#.......#Z..# #.. !....
#Z⌠...⌠.##+#### #..
?$....##Z.⌠....##.888###..


You could see a gnoll sergeant (extremely poisoned, ally target), a gnoll, a
friendly spectral white imp, a friendly gnoll zombie, a friendly orc wizard
zombie and a friendly ogre zombie.

Vanquished Creatures
  Prince Ribbit (D:5)
  Sigmund (D:6)
  A slime creature (D:7)
  Eustachio (D:6)
  A steam dragon (D:7)
  Duvessa (D:6)
  3 orc warriors
  5 ice beasts
  A sky beast (D:6)
  2 black bears
  2 ogres
  2 bullfrogs
  A scorpion (D:4)
  Dowan (D:6)
  4 jellies
  A killer bee (D:7)
  3 howler monkeys
  5 hounds
  5 orc priests
  A gnoll bouda (D:7)
  4 iguanas
  Jessica (D:3)
  4 orc wizards
  10 gnolls
  4 adders
  A shadow imp (D:7)
  A white imp (D:7)
  2 ufetubi
  3 worms
  A dart slug (D:1)
  28 orcs
  10 ball pythons
  8 endoplasms
  2 giant cockroaches (D:1)
  9 goblins
  4 hobgoblins
  2 jackals (D:2)
  7 quokkas
  7 bats
  3 frilled lizards
  7 kobolds
  9 rats
169 creatures vanquished.

Vanquished Creatures (collateral kills)
  A hound (D:6)
  A jelly (D:5)
  A gnoll bouda (D:5)
  3 gnolls
  A dart slug (D:5)
  6 orcs
13 creatures vanquished.

Vanquished Creatures (others)
  A slime creature zombie (D:7)
  A bullfrog zombie (D:7)
  A black bear zombie (D:7)
  An ice beast zombie (D:6)
  3 hound zombies
  A steam dragon zombie (D:7)
  A jelly zombie (D:7)
  5 gnoll zombies
  10 orc zombies
  A spectral ufetubus (D:7)
25 creatures vanquished.

Grand Total: 207 creatures vanquished

Notes
Turn   | Place    | Note
-------+----------+-------------------------------------------
     0 | D:1      | MisterFreud the Draconian Transmuter began the quest for
                  | the Orb.
     0 | D:1      | Reached XP level 1. HP: 16/16 MP: 3/3
   182 | D:1      | Reached XP level 2. HP: 23/23 MP: 5/5
   206 | D:1      | Reached skill level 3 in Transmutations
   528 | D:1      | Reached XP level 3. HP: 17/28 MP: 6/6
   899 | D:1      | Learned a level 3 spell: Spider Form
  1139 | D:2      | Reached skill level 4 in Transmutations
  1146 | D:2      | Reached XP level 4. HP: 30/35 MP: 4/7
  1413 | D:2      | Found a faded altar of an unknown god.
  1757 | D:3      | Found a burning altar of Makhleb.
  1863 | D:3      | Reached skill level 5 in Transmutations
  2375 | D:3      | Noticed Jessica
  2383 | D:3      | Killed Jessica
  2384 | D:3      | Reached XP level 5. HP: 37/41 MP: 4/8
  3002 | D:4      | Reached XP level 6. HP: 42/51 MP: 5/9
  3042 | D:4      | Found Muyck's Distillery.
  3050 | D:4      | Bought a potion of heal wounds for 70 gold pieces
  3395 | D:4      | Found an iron altar of Okawaru.
  3415 | D:4      | Found a staircase to the Ecumenical Temple.
  3467 | D:4      | Found Worar's Jewellery Boutique.
  3553 | D:4      | HP: 1/52 [acid (3)]
  3696 | D:4      | Identified the +1 leather armour "Qirel" {rC+}
  3728 | D:4      | Reached skill level 5 in Unarmed Combat
  3905 | Temple   | Entered the Ecumenical Temple
  3915 | Temple   | Became a worshipper of Yredelemnul the Dark
  3951 | D:5      | Entered Level 5 of the Dungeon
  3957 | D:5      | Your scales start taking on a golden yellow colour.
  3957 | D:5      | Reached XP level 7. HP: 57/59 MP: 6/10
  3957 | D:5      | Gained mutation: You are resistant to acid. (rCorr) [Yellow
                  | Draconian growth]
  3967 | D:5      | Reached * piety under Yredelemnul
  4163 | D:5      | Found a glowing golden altar of the Shining One.
  4187 | D:5      | Reached ** piety under Yredelemnul
  4244 | D:5      | Found an ornate altar of the Wu Jian Council.
  4279 | D:5      | Noticed Prince Ribbit
  4295 | D:5      | Killed Prince Ribbit
  4364 | D:5      | Reached *** piety under Yredelemnul
  4365 | D:5      | Reached XP level 8. HP: 66/66 MP: 7/11
  4442 | D:5      | Found the +5 Force Lance {heavy, knockback}
  4457 | D:5      | Found a sacrificial altar of Ru.
  4529 | D:5      | Found a snail-covered altar of Cheibriados.
  4647 | D:6      | Reached skill level 5 in Dodging
  4827 | D:6      | Found a glowing silver altar of Zin.
  5477 | D:6      | Reached skill level 6 in Transmutations
  5624 | D:6      | Noticed Sigmund
  5639 | D:6      | Killed Sigmund
  5640 | D:6      | Reached skill level 7 in Transmutations
  5717 | D:6      | Noticed Duvessa
  5721 | D:6      | Noticed Dowan
  5759 | D:6      | Killed Duvessa
  5763 | D:6      | Killed Dowan
  5922 | D:6      | Reached skill level 8 in Transmutations
  5922 | D:6      | Reached XP level 9. HP: 62/71 MP: 12/12
  5964 | D:6      | Found a broken altar of Ashenzari.
  6173 | D:6      | Found a shimmering altar of Xom.
  6221 | D:6      | Noticed Eustachio
  6235 | D:6      | Killed Eustachio
  6369 | D:6      | Found a stormy altar of Qazlal.
  6399 | D:6      | Identified a scroll of acquirement
  6399 | D:6      | Acquired the Grimoire of Obsession
  6406 | D:6      | Learned a level 4 spell: Ice Form
  6447 | D:7      | Reached skill level 5 in Fighting
  6608 | D:7      | Reached skill level 1 in Ice Magic
  7257 | D:7      | Noticed a cyclops
  7257 | D:7      | Noticed a manticore
  7258 | D:7      | Noticed a boulder beetle
  7275 | D:7      | Reached **** piety under Yredelemnul
  7276 | D:7      | Reached skill level 1 in Invocations
  7283 | D:7      | Reached ***** piety under Yredelemnul
  7676 | D:7      | HP: 1/75 [gnoll sergeant/+2 spear of venom (13)]
  7677 | D:7      | Slain by a gnoll sergeant

Illustrated notes

Levels and vault maps discovered:
D:1:      lightli_arrival_chessboard, layout_basic, minmay_vboxes
D:2:      minmay_angry_zag, layout_rooms, shapermc_ecumenical_altar_flowoftime,
          minmay_fractal_squares_gapless_5
D:3:      layout_loops_corners, lightli_temple_of_fire, bh_walls_and_bars,
          uniq_jessica
D:4:      layout_gridville, mainiacjoe_overflow_alcove_4,
          minmay_temple_entry_statues_fountains, nicolae_stop_n_shop_1,
          chequers_serial_rivers_micro_d, nicolae_wooded_promenade,
          kennysheep_generic_room_15
D:5:      layout_rooms, kennysheep_mini, amcnicky_altar_gilded,
          kennysheep_slug_shrine, tso_metal_star, uniq_prince_ribbit1
D:6:      layout_cave_pools, kennysheep_mini_moat, dk_xom_monty_hall,
          cheibrodos_ashenzari_chains, mainiacjoe_overflow_brackets,
          uniq_eustachio, uniq_duvessa, uniq_sigmund
D:7:      minmay_chambers_of_sevens, layout_cave_pods
Temple:   nicolae_temple_colour_theory

Skill      XL: |  1  2  3  4  5  6  7  8  9 |
---------------+----------------------------+-----
Transmutations | 3 4 5 8 |  8.0
Fighting       | 3 4 6 |  6.0
Unarmed Combat | 4 5 6 7 |  7.7
Dodging        | 4 6 |  6.0
Ice Magic      | 3 |  3.7
Invocations    | 2 |  2.3
Spellcasting   | |  2.0

Action                     |  1- 3 |  4- 6 |  7- 9 || total
---------------------------+-------+-------+-------++-------
  Melee: Unarmed           |   144 |   234 |   281 ||   659
         Tailslap          |    17 |    18 |     7 ||    42
         Punch             |     2 |     3 |     1 ||     6
   Cast: Spider Form       |     1 |    12 |    37 ||    50
Ability: Breathe Acid      |       |       |    10 ||    10
    Use: Scroll            |     5 |     6 |     2 ||    13
         Potion            |       |     1 |     2 ||     3
   Stab: Sleeping          |       |     2 |       ||     2
         Distracted        |       |       |     3 ||     3
 Armour: Skin              |    51 |    44 |    35 ||   130
  Dodge: Dodged            |    94 |   146 |   268 ||   508
